AoeStats
← mazenhassan23

Arena

510618510Analyzed
1v1 RM · 16h ago on Oct 1, 2026· 41m 18s· 2 players
Game mode
Random Map
Map size
Tiny (2 player)
Population
200
Speed
Normal
Resources
Standard
Victory
Conquest
Starting age
Dark Age
Ending age
Imperial Age
RankedLock teamsTeams togetherTeam positionsShared explorationLock speedFull tech treeHidden civsTurbo modeCheats
Victory
Defeat
🇫🇷 Sicilians · France
357
+16
🇨🇦 Spanish · Canada
353
-16
mazenhassan23
11:38 Feudal Age
18:49 Castle Age
27:35 Double-Bit Axe
27:34 Horse Collar
27:52 Gold Mining
29:22 Wheelbarrow
28:46 Gambesons
28:21 Man-at-Arms
29:12 Thumb Ring
31:36 Heavy Plow
33:04 Hand Cart
33:47 Town Watch
34:37 Ballistics
34:29 Fletching
34:45 Padded Archer Armor
35:30 Bloodlines
40:06 Imperial Age
38:35 Long Swordsman
Arlexchc
11:20 Feudal Age
20:00 Castle Age
25:52 Horse Collar
29:16 Loom
30:20 Fletching
38:02 Imperial Age
36:08 Town Watch
36:37 Heavy Plow
38:06 First Crusade
39:13 Bodkin Arrow
41:46 Murder Holes
Connection lost

Rejoining the realm…

Still unreachable

The connection could not be restored.

Session expired

The server has moved on; the page needs a fresh start.